 Dungeon Crawl Stone Soup version 0.20.1-1-g8b1a95d (webtiles) character file.

2405 easystreet the Fighter (level 9, -3/102 HPs)
             Began as an Ogre Chaos Knight on Oct 7, 2017.
             Slain by a small abomination (20 damage)
             ... summoned by the capriciousness of Xom
             ... on level 8 of the Dungeon.
             The game lasted 00:24:15 (8864 turns).

easystreet the Fighter (Ogre Chaos Knight)          Turns: 8864, Time: 00:24:16

Health: -3/102     AC:  6    Str: 18    XL:     9   Next: 47%
Magic:  9/9        EV: 14    Int: 21    God:    Xom [.*....]
Gold:   164        SH:  0    Dex: 11    Spells: 8/8 levels left

rFire    . . .     SeeInvis .   B - +2 scimitar of the Crawling Thing {flame, rElec}
rCold    + + .     Gourm    .   (no shield)
rNeg     . . .     Faith    .   b - +2 robe
rPois    .         Spirit   .   (helmet restricted)
rElec    +         Reflect  .   j - +0 cloak
rCorr    .         Harm     .   (gloves unavailable)
MR       +....                  (boots unavailable)
Stlth    ++........             (no amulet)
Regen    0.3/turn               A - ring of Sin {Int+4 Stlth+}
MPRegen  0.2/turn               c - +4 ring of intelligence

@: no status effects
A: unfitting armour, claws 1, repulsion field 1, cold resistance 2, magic
resistance 1, tough skin 1, MP-powered wands
a: Renounce Religion


You were on level 8 of the Dungeon.
You worshipped Xom.
You were a plaything of Xom.
You were not hungry.

You visited 1 branch of the dungeon, and saw 9 of its levels.

You collected 398 gold pieces.
You spent 234 gold pieces at shops.

Inventory:

Hand Weapons
 d - a +0 whip of draining
 m - a +1 flail
 s - a +0 mace
 B - the +2 scimitar of the Crawling Thing (weapon) {flame, rElec}
   (You bought it in a shop on level 5 of the Dungeon)

   It has been specially enchanted to burn those struck by it, causing extra
   injury to most foes and up to half again as much damage against particularly
   susceptible opponents.
   Big, fiery blades are also staple armaments of hydra-hunters.
   It insulates you from electricity.
 G - a cursed -1 blowgun
 K - a +0 giant club
Missiles
 i - 239 stones
 z - 4 steel javelins
 J - 8 tomahawks
 L - 2 silver javelins (quivered)
Armour
 b - a +2 robe (worn)
 j - a +0 cloak (worn)
Jewellery
 a - a cursed ring of teleportation {unknown}
 c - a +4 ring of intelligence (right claw)
 k - an uncursed ring of flight
 v - an uncursed ring of fire {unknown}
 A - the ring of Sin (left claw) {Int+4 Stlth+}
   (You found it on level 8 of the Dungeon)

   [ring of stealth]

   It affects your intelligence (+4).
   It makes you more stealthy.
Wands
 t - a wand of flame (24/48)
 w - a wand of digging (24/24)
 D - a wand of lightning (8/15)
 E - a wand of iceblast (4/15)
Scrolls
 h - 2 scrolls of immolation
 y - a scroll of recharging
 C - 2 scrolls of remove curse
 H - a scroll of enchant weapon
 M - a scroll of blinking
Potions
 e - a potion of berserk rage {unknown}
 f - a potion of magic {unknown}
 g - a potion of resistance
 o - a potion of invisibility
 u - a potion of heal wounds
 F - a potion of ambrosia {unknown}
Books
 p - a book of Cantrips

   Spells                             Type                      Level
   a - Confusing Touch                Hexes                        1
   b - Animate Skeleton               Necromancy                   1
   c - Summon Small Mammal            Summoning                    1
   d - Apportation                    Translocation                1
 I - a book of Clouds

   Spells                             Type                      Level
   a - Poisonous Vapours              Poison/Air                   2
   b - Mephitic Cloud                 Conjuration/Poison/Air       3
   c - Conjure Flame                  Conjuration/Fire             3
   d - Freezing Cloud                 Conjuration/Ice/Air          6
   e - Ring of Flames                 Charms/Fire                  7
Comestibles
 n - 2 fruits
 q - a bread ration
 r - 3 meat rations
 x - 2 royal jellies


   Skills:
 * Level 10.6 Fighting
 - Level 7.5 Maces & Flails
 * Level 6.0 Dodging


You had 8 spell levels left.
You didn't know any spells.

Dungeon Overview and Level Annotations

Branches:
Dungeon (9/15)             Temple (0/1) D:5
   Lair: D:8-11         Orc: D:9-12

Altars:
Ashenzari
Elyvilon
Qazlal
Ru
Xom

Shops:
D:5 (

Annotations:
D:3 Sigmund
D:4 Eustachio, Robin
D:7 Prince Ribbit
D:8 Erica, Joseph


Innate Abilities, Weirdness & Mutations

You are too large for most types of armour.
You have tough skin. (AC +1)
You have sharp fingernails.
You are surrounded by a mild repulsion field. (EV +2)
Your flesh is very cold resistant. (rC++)
You are resistant to hostile enchantments. (MR+)
You expend magic power (3 MP) to strengthen your wands.


Message History

The small abomination closely misses you.
You hit the small abomination. You burn the small abomination.
The small abomination is heavily damaged.
The small abomination closely misses you.
The small abomination hits you!!
The small abomination barely misses you.
You slash the small abomination! You burn the small abomination.
You destroy the small abomination!
The small abomination barely misses you.
You riposte.
You hit the small abomination. You burn the small abomination.
The small abomination is moderately damaged.
The small abomination hits you!!
* * * LOW HITPOINT WARNING * * *
You hit the small abomination but do no damage.
The small abomination is moderately damaged.
The small abomination barely misses you.
You slash the small abomination! You burn the small abomination.
The small abomination is severely damaged.
The small abomination hits you!!
You die...

#......$........##
#...............#
#..........######
#....#######
#..).# #....#
#....# #....#
#@...# #.x..#
######


You could see a small abomination.

Vanquished Creatures
  Pikel (D:7)
  An orc warrior (D:7)
  An ogre (D:7)
  A necrophage (D:8)
  3 centaurs
  2 big kobolds (D:7)
  5 bullfrogs
  3 wights (D:7)
  A howler monkey (D:5)
  A bullfrog zombie (D:5)
  A centaur zombie (D:8)
  2 quasits
  A centaur skeleton (D:6)
  A jelly (D:8)
  3 orc priests
  2 orc wizards
  A hound (shapeshifter) (D:2)
  Crazy Yiuf (D:2)
  Jessica (D:2)
  5 worker ants
  Natasha (thrice) (D:3)
  A hound zombie (D:7)
  A hound skeleton (D:5)
  4 gnolls
  7 adders
  A river rat (D:6)
  2 shadow imps (D:7)
  2 oozes (D:1)
  2 worms
  A dart slug (D:2)
  9 leopard geckos
  8 orcs
  A ball python (shapeshifter) (D:2)
  8 bats
  8 giant cockroaches
  12 goblins
  6 hobgoblins
  6 jackals (D:1)
  3 quokkas
  A ball python (D:6)
  5 frilled lizards
  11 kobolds
  A leopard gecko zombie (D:7)
  A quokka zombie (D:6)
  13 rats
154 creatures vanquished.

Vanquished Creatures (others)
  A slave (D:7)
1 creature vanquished.

Grand Total: 155 creatures vanquished

Notes
Turn   | Place    | Note
-------+----------+-------------------------------------------
     0 | D:1      | easystreet the Ogre Chaos Knight began the quest for the Orb.
     0 | D:1      | Reached XP level 1. HP: 24/24 MP: 1/1
   108 | D:1      | Reached XP level 2. HP: 32/32 MP: 2/2
   295 | D:1      | XOM: divination: magic mapping
   389 | D:1      | Reached XP level 3. HP: 35/39 MP: 3/3
  1083 | D:1      | Reached XP level 4. HP: 41/48 MP: 4/4
  1134 | D:1      | XOM: divination: detect items
  1382 | D:1      | Reached skill level 5 in Maces & Flails
  1436 | D:1      | XOM: mild Conj miscast
  1567 | D:1      | Reached XP level 5. HP: 54/54 MP: 5/5
  1598 | D:2      | Noticed Jessica
  1611 | D:2      | Killed Jessica
  1640 | D:2      | XOM: 4-stop teleportation journey
  1644 | D:2      | Found a white marble altar of Elyvilon.
  1762 | D:2      | Gained mutation: Your system is resistant to poisons. (rPois) [mutagenic meat]
  1763 | D:2      | Gained mutation: You are robust. (+10% HP) [mutagenic meat]
  1779 | D:2      | Lost mutation: You are robust. (+10% HP) [mutagenic meat]
  1854 | D:2      | XOM: harmless Summ miscast
  1888 | D:2      | Noticed a centaur
  1888 | D:2      | a howler monkey changed into a centaur
  1889 | D:2      | XOM: silly message
  1889 | D:2      | Noticed a yak
  1889 | D:2      | a centaur changed into a yak
  1893 | D:2      | Noticed an orb spider
  1893 | D:2      | a yak changed into an orb spider
  1893 | D:2      | Noticed a polar bear
  1893 | D:2      | an orb spider changed into a polar bear
  1914 | D:2      | HP: 4/81 [polar bear (glowing shapeshifter) (4)]
  1917 | D:2      | a polar bear changed into an iguana
  2249 | D:2      | Found a runed door.
  2253 | D:2      | Noticed Crazy Yiuf
  2260 | D:2      | XOM: divination: magic mapping
  2262 | D:2      | Killed Crazy Yiuf
  2709 | D:3      | Found a stormy altar of Qazlal.
  2842 | D:3      | XOM: mild Necr miscast
  2900 | D:3      | Reached XP level 6. HP: 56/62 MP: 6/6
  2936 | D:3      | Noticed Natasha
  2946 | D:3      | Killed Natasha
  3100 | D:3      | XOM: stat loss: -1 Str (16/17)
  3281 | D:3      | Noticed Sigmund
  3319 | D:3      | Noticed Natasha
  3330 | D:3      | Killed Natasha
  3474 | D:3      | XOM: draining
  3533 | D:3      | XOM: give mutation
  3533 | D:3      | Gained mutation: You are agile. (Dex +2) [Xom's mischief]
  3572 | D:3      | Noticed Natasha
  3583 | D:3      | Killed Natasha
  3727 | D:4      | Lost mutation: You are agile. (Dex +2) [potion of mutation]
  3727 | D:4      | Lost mutation: Your system is resistant to poisons. (rPois) [potion of mutation]
  3727 | D:4      | Gained mutation: Your flesh is heat resistant. (rF+) [potion of mutation]
  3727 | D:4      | Gained mutation: Scrolls take you a little longer to read. [potion of mutation]
  3727 | D:4      | Gained mutation: Your flesh is cold resistant. (rC+) [potion of mutation]
  3727 | D:4      | Gained mutation: Your flesh is very cold resistant. (rC++) [potion of mutation]
  3788 | D:4      | Noticed Robin
  3794 | D:4      | Noticed Eustachio
  3818 | D:5      | Entered Level 5 of the Dungeon
  4016 | D:5      | XOM: destruction
  4232 | D:5      | XOM: harmless Tloc miscast
  4317 | D:5      | Lost mutation: Scrolls take you a little longer to read. [potion of mutation]
  4317 | D:5      | Lost mutation: Your flesh is heat resistant. (rF+) [potion of mutation]
  4317 | D:5      | Gained mutation: You expend magic power (3 MP) to strengthen your wands. [potion of mutation]
  4317 | D:5      | Gained mutation: You are surrounded by a mild repulsion field. (EV +2) [potion of mutation]
  4389 | D:5      | XOM: harmless Pois miscast
  4414 | D:5      | XOM: mild Tloc miscast
  4418 | D:5      | XOM: confusion (+ monsters)
  4524 | D:5      | Reached XP level 7. HP: 66/71 MP: 7/7
  4566 | D:5      | XOM: noise
  4593 | D:5      | Reached skill level 5 in Fighting
  4605 | D:5      | XOM: 1-stop teleportation journey
  4820 | D:5      | Found Ujappy's Antique Weapon Boutique.
  4826 | D:5      | Bought a twisted scimitar for 234 gold pieces
  4826 | D:5      | Identified the +2 scimitar of the Crawling Thing {flame, rElec} (You bought it in a shop on level 5 of the Dungeon)
  4827 | D:5      | Found a staircase to the Ecumenical Temple.
  4854 | D:5      | XOM: scenery: create altars
  5169 | D:6      | Found a snail-covered altar of Cheibriados.
  5171 | D:6      | Found a bloodstained altar of Trog.
  5171 | D:6      | Found a burning altar of Makhleb.
  5173 | D:6      | Found a shimmering altar of Xom.
  5173 | D:6      | Found a glowing golden altar of the Shining One.
  5173 | D:6      | Found a glowing golden altar of the Shining One.
  5391 | D:6      | XOM: summons 2 hostile shadow creatures
  5397 | D:6      | XOM: 4-stop teleportation journey
  5676 | D:6      | XOM: enchant monster (good)
  5803 | D:6      | Reached skill level 6 in Fighting
  5938 | D:6      | Reached XP level 8. HP: 80/83 MP: 8/8
  6009 | D:6      | XOM: give mutations
  6009 | D:6      | Gained mutation: You are resistant to hostile enchantments. (MR+) [Xom's grace]
  6009 | D:6      | Gained mutation: You have sharp fingernails. [Xom's grace]
  6321 | D:7      | Found a shattered altar of Ashenzari.
  6359 | D:7      | Reached skill level 7 in Fighting
  6470 | D:7      | XOM: scenery: create altars
  6760 | D:7      | Reached skill level 8 in Fighting
  6800 | D:7      | Noticed Prince Ribbit
  7234 | D:7      | Reached skill level 9 in Fighting
  7667 | D:7      | Noticed Pikel
  7677 | D:7      | XOM: summons friendly crimson imp
  7687 | D:7      | Killed Pikel
  7687 | D:7      | Reached skill level 10 in Fighting
  7687 | D:7      | Reached skill level 5 in Dodging
  7687 | D:7      | Reached XP level 9. HP: 56/101 MP: 9/9
  7956 | D:7      | XOM: 2-stop teleportation journey
  7973 | D:7      | Found a sacrificial altar of Ru.
  8083 | D:8      | Noticed Erica
  8083 | D:8      | Noticed a two-headed ogre
  8084 | D:8      | XOM: divination: detect creatures
  8175 | D:8      | Got a slimy copper ring
  8272 | D:8      | Identified the ring of Sin {Int+4 Stlth+} (You found it on level 8 of the Dungeon)
  8553 | D:9      | XOM: scenery: create altars
  8642 | D:8      | Noticed Joseph
  8655 | D:8      | XOM: harmless Tmut miscast
  8749 | D:8      | XOM: enchant monster (bad)
  8856 | D:8      | XOM: medium Summ miscast
  8864 | D:8      | Slain by a small abomination

Skill      XL: |  1  2  3  4  5  6  7  8  9 |
---------------+----------------------------+-----
Maces & Flails | 3 4 5 6 7 |  7.5
Fighting       | 6 10 | 10.6
Dodging        | 3 5 6 |  6.0

Action                   |  1- 3 |  4- 6 |  7- 9 || total
-------------------------+-------+-------+-------++-------
Melee: Mace              |    89 |   172 |       ||   261
       Whip              |       |    55 |       ||    55
       Flail             |       |    18 |    18 ||    36
       Scimitar          |       |       |   219 ||   219
Throw: Javelin           |       |     5 |     2 ||     7
       Stone             |       |     1 |     3 ||     4
  Use: Scroll            |       |    14 |     6 ||    20
       Potion            |       |     6 |     1 ||     7
 Stab: Petrified         |     1 |       |       ||     1
       Sleeping          |     1 |       |     1 ||     2
       Petrifying        |       |     1 |       ||     1
       Confused          |       |     1 |       ||     1
       Distracted        |       |       |     1 ||     1
  Eat: Bread ration      |     1 |     1 |     2 ||     4
       Chunk             |       |     7 |     2 ||     9
       Fruit             |       |     1 |     1 ||     2
       Meat ration       |       |     1 |       ||     1
Armor: Robe              |    64 |    83 |    92 ||   239
       Skin              |       |    52 |       ||    52
Dodge: Dodged            |    62 |   142 |   221 ||   425
       Rpst.: Scimitar   |       |       |    48 ||    48
